 Dungeon Crawl Stone Soup version 0.28-a0-1518-gbe868bca14 (webtiles) character file.

Game seed: 2099010051048110356

85 Lekart the Skirmisher (level 4, -1/40 HPs)
             Began as a Draconian Abyssal Knight on Jan 17, 2022.
             Was a Believer of Lugonu.
             Slain by an ogre (26 damage)
             ... on level 1 of the Dungeon.
             The game lasted 00:02:28 (2256 turns).

Lekart the Skirmisher (Draconian Abyssal Knight)    Turns: 2256, Time: 00:02:29

Health: -1/40      AC:  5    Str: 15    XL:     4   Next: 25%
Magic:  5/5        EV: 13    Int: 11    God:    Lugonu [**....]
Gold:   78         SH:  0    Dex: 13    Spells: 3/3 levels left

rFire   . . .      SeeInvis .   a - +1 falchion
rCold   . . .      Faith    .   (no shield)
rNeg    . . .      Spirit   .   (armour unavailable)
rPois   .          Reflect  .   (helmet restricted)
rElec   .          Harm     .   (no cloak)
rCorr   .          Rampage  .   (no gloves)
Will    .....                   (no boots)
Stlth   +.........              (no amulet)
HPRegen 0.13/turn               (no ring)
MPRegen 0.09/turn               (no ring)

@: no status effects
A: AC +5, unfitting armour, cold-blooded
a: Renounce Religion, Depart the Abyss, Bend Space


You were on level 1 of the Dungeon.
You worshipped Lugonu.
Lugonu was pleased with you.
You visited 1 branch of the dungeon, and saw 2 of its levels.
You visited the Abyss 1 time.

You collected 78 gold pieces.

Inventory:

Hand Weapons
 a - a +1 falchion (weapon)
Missiles
 e - a throwing net
Jewellery
 d - a +4 ring of protection
 g - a ring of magical power
Potions
 b - a potion of curing
 c - a potion of lignification


   Skills:
 + Level 3.8 Fighting
 + Level 2.8 Long Blades
 * Level 3.1 Dodging
 * Level 2.5 Invocations


You had 3 spell levels left.
You didn't know any spells.
Your spell library was empty.

Dungeon Overview and Level Annotations

Branches:
Dungeon (2/15)

Altars:


Innate Abilities, Weirdness & Mutations

Your plain brown scales are hard. (AC +5)
You cannot fit into any form of body armour.
You are cold-blooded and may be slowed by cold attacks.


Message History

The bat completely misses you. The bat hits you but does no damage.
The bat barely misses you. The bat closely misses you.
The bat barely misses you. The bat closely misses you.
The bat hits you but does no damage. The bat hits you but does no damage.
The bat misses you. The bat closely misses you.
The bat hits you but does no damage.
You aren't carrying any items that you can evoke.
The bat misses you. The bat barely misses you. The bat barely misses you. x2
The bat hits you but does no damage. The bat hits you but does no damage.
The bat barely misses you. The bat closely misses you.
The bat hits you but does no damage. The bat misses you.
The bat completely misses you. The bat closely misses you.
The bat barely misses you.
You hit the bat.
You kill the bat!
Lugonu accepts your kill.
You aren't carrying any items that you can evoke.
As you read the scroll labelled EZXUBL EDEDD, it crumbles to dust.
The scroll dissolves into smoke.
It was a scroll of fog.
You barely miss the ogre.
The ogre is lightly wounded.
The ogre barely misses you.
You hit the ogre.
The ogre is moderately wounded.
The ogre hits you with a +0 giant spiked club!
There is an escape hatch in the ceiling here.
The ogre completely misses you. A mysterious force pulls you upwards.
The hatch slams shut behind you.
You aren't carrying any scrolls.
It was a potion of curing.
You feel better.
The ogre hits you with a +0 giant spiked club!!
Ouch! That really hurt!
You die...

#############.##################.
......(..........(.............#.
...............................#.
.#######...#####...####...##...#.
.# #...# #...# #...##...#. .#
#...# #...####........#. .#
#...#####........>..<...##
.#######.......................#
...............O@.(..#######...#
..^..........#####...# #...#
......####...# #...# #...#
.##...# #...# #...# #...#
.##...####...#####...#######...#
.......).).....................#
...............................#
################################


You could see an ogre.

Vanquished Creatures
  2 adders (D:2)
  3 dart slugs (D:1)
  3 endoplasms (D:1)
  A goblin (D:1)
  3 hobgoblins (D:1)
  15 jackals
  5 quokkas
  5 ball pythons
  6 bats
  6 frilled lizards
  2 kobolds
  4 rats
55 creatures vanquished.

Vanquished Creatures (others)
  2 plants (D:1)
2 creatures vanquished.

Grand Total: 57 creatures vanquished

Notes
Turn   | Place    | Note
-------+----------+-------------------------------------------
     0 | Abyss:1  | Lekart the Draconian Abyssal Knight began the quest for the
                  | Orb.
     0 | Abyss:1  | Reached XP level 1. HP: 19/19 MP: 2/2
   104 | Abyss:1  | Noticed a small abomination
   105 | D:1      | Escaped the Abyss
   139 | D:1      | Reached * piety under Lugonu
   292 | D:1      | Reached XP level 2. HP: 18/26 MP: 3/3
   697 | D:1      | Reached XP level 3. HP: 19/33 MP: 4/4
  1034 | D:1      | Reached ** piety under Lugonu
  1704 | D:2      | Reached XP level 4. HP: 22/40 MP: 5/5
  2189 | D:2      | Noticed an ogre
  2256 | D:1      | Slain by an ogre

Illustrated notes

Levels and vault maps discovered:
D:1:      dpeg_arrival_boxorama, layout_basic, serial_bayou_ford_a
D:2:      layout_basic, dreamdust_ecumenical_altar_hidden_monk_grotto,
          kennysheep_potato

Skill      XL: |  1  2  3 |
---------------+----------+-----
Dodging        | 3 |  3.1
Fighting       | |  3.8
Long Blades    | |  2.8
Invocations    | |  2.5

Action                   |  1- 3 |  4- 6 || total
-------------------------+-------+-------++-------
Melee: Falchion          |   151 |    32 ||   183
       Tailslap          |    18 |     5 ||    23
       Punch             |     3 |       ||     3
Invok: Depart the Abyss  |     1 |       ||     1
  Use: Potion            |     2 |     1 ||     3
       Scroll            |     1 |     1 ||     2
 Stab: Sleeping          |     1 |       ||     1
Armor: Skin              |    89 |    23 ||   112
Dodge: Dodged            |   186 |    53 ||   239

Table legend: (Time is in decaauts)
 A = Elapsed time spent in this place.
 B = Non-inter-level travel time spent in this place.
 C = Inter-level travel time spent in this place.
 D = Time resting spent in this place.
 E = Time spent auto-exploring this place.
 F = Levels seen in this place.
 G = Mean time per level.
                   A        B        C        D        E       F      G
               +--------+--------+--------+--------+--------+-----+--------+
         Total |   2309 |   2265 |     44 |    337 |   1524 |   3 |  769.7 |
       Dungeon |   2204 |   2160 |     44 |    337 |   1421 |   2 | 1102.0 |
         Abyss |    105 |    105 |      0 |      0 |    103 |   1 |  105.0 |
               +--------+--------+--------+--------+--------+-----+--------+

Top non-repeatable levels by time:
     D:1: 1545 daAuts
     D:2: 659 daAuts
 Abyss:1: 105 daAuts
